 Dungeon Crawl Stone Soup version 0.23.2-40-g277498a001 (webtiles) character file.

Game seed: 4351018989165256836

48 DildoBatman the Magician (level 4, 0/30 HPs)
             Began as a Formicid Wizard on Sept 8, 2019.
             Slain by an adder (1 damage)
             ... on level 2 of the Dungeon.
             The game lasted 00:06:25 (2280 turns).

DildoBatman the Magician (Formicid Wizard)          Turns: 2280, Time: 00:06:26

Health: 0/30       AC:  3    Str: 12    XL:     4   Next: 0%
Magic:  6/8        EV: 11    Int: 18    God:
Gold:   131        SH:  0    Dex:  9    Spells: 8/9 levels left

rFire    . . .     SeeInvis +   m - +0 short sword
rCold    . . .     Gourm    .   (no shield)
rNeg     . . .     Faith    .   a - +0 robe
rPois    .         Spirit   .   (helmet unavailable)
rElec    .         Reflect  .   (no cloak)
rCorr    .         Harm     .   i - +0 pair of gloves
MR       .....                  (no boots)
Stlth    +.........             (no amulet)
HPRegen  0.10/turn              (no ring)
MPRegen  0.11/turn              (no ring)

@: lethally poisoned (0 -> -5), heavily drained
A: permanent stasis, dig shafts and tunnels, four strong arms, antennae 3
a: Dig, Shaft Self


You were on level 2 of the Dungeon.
You were not hungry.

You visited 1 branch of the dungeon, and saw 2 of its levels.

You collected 131 gold pieces.

Inventory:

Hand Weapons
 m - a +0 short sword (weapon)
Missiles
 d - 28 stones (quivered)
Armour
 a - a +0 robe (worn)
 i - a +0 pair of gloves (worn)
Scrolls
 c - a scroll of amnesia {unknown}
 e - a scroll of identify {unknown}
 f - a scroll of magic mapping {unknown}
 h - a scroll of teleportation {unknown}
 o - a scroll of fear {unknown}
Potions
 b - 2 potions of flight {unknown}
 g - a potion of mutation {unknown}
 j - a potion of curing {unknown}
 k - a potion of degeneration {unknown}
 l - 2 potions of heal wounds {unknown}
 n - a potion of ambrosia {unknown}
Comestibles
 v - 3 rations


   Skills:
 - Level 1.7(0.7) Dodging
 - Level 2.4(1.3) Stealth
 - Level 3.2(2.1) Spellcasting
 * Level 3.1(2.0) Conjurations
   Level 1.0(0.0) Summonings
   Level 0.8(0.0) Translocations


You had 8 spell levels left.
You knew the following spells:

 Your Spells              Type           Power        Failure   Level  Hunger
c - Magic Dart            Conj           #...         8%          1    #......

Your spell library contained the following spells:

 Spells                   Type           Power        Failure   Level  Hunger
 Call Imp                 Summ           #.......     26%         2    ###....
 Slow                     Hex            #.......     26%         2    ###....
 Conjure Flame            Conj/Fire      #.......     34%         3    ###....
 Mephitic Cloud           Conj/Pois/Air  #.......     38%         3    ###....
 Blink                    Tloc           Unusable     N/A         2    N/A

Dungeon Overview and Level Annotations

Branches:
Dungeon (2/15)

Altars:

Annotations:
D:1 exclusion: worm


Innate Abilities, Weirdness & Mutations

You cannot be hasted, slowed, berserked, paralysed or teleported.
You can dig through walls and to a lower floor.
Your four strong arms can wield two-handed weapons with a shield.
You have a pair of large antennae on your head. (SInv)


Message History

The adder poisons you! What are your orders? t - Shout!
Orders for allies: a - Attack new target. r - Retreat! s - Stop attacking. g - Guard the area. f - Follow me.
Anything else - Cancel.
You shout for attention!
You feel sick. The adder completely misses you. The kobold misses you.
What are your orders? t - Shout!
Orders for allies: a - Attack new target. r - Retreat! s - Stop attacking. g - Guard the area. f - Follow me.
Anything else - Cancel.
You shout for attention!
The adder bites you.
You die...

#.....#.## .. #.
.....# #.. # .....#
#># ## .. ###..
#..##. .# ### #..#.
.. ###...###.#
##.....SK..# ..#####
.......@#### #......
..###.#....##
#######
#.####..############
...................)
..########.#########
#.# ## #########.#
###.
#[......#.######...
#.......รท........##


You could see an adder and a kobold.

Vanquished Creatures
  An ooze (D:1)
  2 worms (D:2)
  A dart slug (D:2)
  2 leopard geckos
  A ball python (D:1)
  A giant cockroach (D:1)
  7 hobgoblins
  6 bats
  A frilled lizard (D:1)
  4 goblins
  2 kobolds (D:1)
  6 rats
34 creatures vanquished.

Notes
Turn   | Place    | Note
-------+----------+-------------------------------------------
     0 | D:1      | DildoBatman the Formicid Wizard began the quest for the
                  | Orb.
     0 | D:1      | Reached XP level 1. HP: 13/13 MP: 4/4
     7 | D:1      | Reached skill level 1 in Conjurations
   228 | D:1      | Reached XP level 2. HP: 19/19 MP: 0/6
  1267 | D:1      | Reached XP level 3. HP: 18/24 MP: 1/7
  1405 | D:1      | HP: 1/24 [leopard gecko (1)]
  2226 | D:2      | Reached XP level 4. HP: 20/30 MP: 0/8
  2278 | D:2      | HP: 1/30 [adder (5)]
  2280 | D:2      | Slain by an adder

Skill      XL: |  1  2  3 |
---------------+----------+-----
Conjurations   | 1 2 3 |  3.1
Dodging        | |  1.7
Stealth        | |  2.4
Spellcasting   | |  3.2
Summonings     | |  1.0
Translocations | |  0.8

Action                   |  1- 3 |  4- 6 || total
-------------------------+-------+-------++-------
Melee: Unarmed           |     2 |       ||     2
       Club              |     6 |       ||     6
       Short sword       |    19 |       ||    19
Throw: Stone             |     4 |       ||     4
 Cast: Magic Dart        |   126 |       ||   126
 Abil: Dig               |     5 |       ||     5
  Eat: Chunk             |     6 |     1 ||     7
Armor: Robe              |    17 |     2 ||    19
Dodge: Dodged            |    49 |    18 ||    67
